 Dungeon Crawl Stone Soup version 0.17.1-1-g73c8601 (webtiles) character file.

66 PossumBlood the Slasher (level 3, -3/31 HPs)
             Began as a Minotaur Fighter on Jan 6, 2016.
             Slain by Grinder (5 damage)
             ... on level 3 of the Dungeon.
             The game lasted 00:04:24 (1584 turns).

PossumBlood the Slasher (Minotaur Fighter)          Turns: 1584, Time: 00:04:24

Health: -3/31      AC:  6    Str: 21    XL:     3   Next: 96%
Magic:  2/2        EV:  8    Int:  5    God:
Gold:   130        SH:  9    Dex:  9    Spells: 0 memorised, 2 levels left

rFire  . . .     SeeInvis .     a - +0 long sword
rCold  . . .     Clarity  .     b - +0 scale mail
rNeg   . . .     SustAt   .     c - +0 shield
rPois  .         Gourm    .     (helmet restricted)
rElec  .         Spirit   .     (no cloak)
rCorr  .         Warding  .     (no gloves)
rMut   .         Stasis   .     (no boots)
MR     .....                    (no amulet)
Stlth  ..........               (no ring)
                                (no ring)

@: not resistant to hostile enchantments, extremely unstealthy
A: retaliatory headbutt, horns 2
a: no special abilities


You were on level 3 of the Dungeon.
You were not hungry.

You visited 1 branch of the dungeon, and saw 3 of its levels.

You collected 130 gold pieces.

Inventory:

Hand Weapons
 a - a +0 long sword (weapon)
Armour
 b - a +0 scale mail (worn)
 c - a +0 shield (worn)
Jewellery
 q - a +2 ring of slaying {unknown}
Scrolls
 e - a scroll of recharging {unknown}
 i - 2 scrolls of remove curse {unknown}
 j - a scroll of enchant weapon {unknown}
 k - a scroll of magic mapping {unknown}
 l - 2 scrolls of teleportation {unknown}
 m - 2 scrolls of identify {unknown}
 n - a scroll of amnesia {unknown}
Potions
 d - 2 potions of might
 f - 2 potions of agility {unknown}
 g - a potion of degeneration {unknown}
 o - a potion of cancellation
 r - 2 potions of haste {unknown}
Comestibles
 h - 2 meat rations
 p - a slice of pizza


   Skills:
 - Level 3.6 Fighting
 * Level 4.0 Long Blades
 - Level 3.6 Armour
 - Level 2.7 Dodging
 - Level 3.6 Shields


You had 2 spell levels left.
You didn't know any spells.

Dungeon Overview and Level Annotations

Branches:
Dungeon (3/15)

Altars:
Vehumet

Annotations:
D:3 Grinder


Innate Abilities, Weirdness & Mutations

You reflexively headbutt those who attack you in melee.
You have a pair of horns on your head.


Message History

Grinder hits you but does no damage.
Your shield and scale mail prevent you from hitting Grinder.
Grinder is lightly wounded.
Grinder closely misses you. Grinder hits you.
You writhe in agony.
You closely miss Grinder. Your headbutt misses Grinder.
Grinder is lightly wounded.
Grinder gestures at you. Pain shoots through your body!
* * * LOW HITPOINT WARNING * * *
You are too injured to fight recklessly!
You are too injured to fight recklessly!
You are too injured to fight recklessly!
You are too injured to fight recklessly!
You are too injured to fight recklessly!
You are too injured to fight recklessly!
Drink which item? (? for menu, Esc to quit)
It was a potion of cancellation.
You feel magically purged. Grinder hits you.
* * * LOW HITPOINT WARNING * * *
You writhe in agony.
You die...

#........######.
#....)).......#.
#.......#####...
..#########.#..........
...................§§§.
.....#######.#.####§._.§
... ...............§..§
#...########..####.....
#...K5@......>.........
#)..K###.....##########
#... #.......# ....
#.......# ... #......<#
.. #.....### . #.....#
#.#+###


You could see Grinder and 2 kobolds.

Vanquished Creatures
  A giant gecko (D:1)
  2 orcs (D:3)
  5 giant cockroaches
  13 hobgoblins
  4 jackals (D:1)
  A ball python (D:1)
  6 bats
  5 giant newts
  8 goblins
  7 kobolds
  7 rats
59 creatures vanquished.

Notes
Turn   | Place    | Note
--------------------------------------------------------------
     0 | D:1      | PossumBlood the Minotaur Fighter began the quest for the Orb.
     0 | D:1      | Reached XP level 1. HP: 19/19 MP: 0/0
   107 | D:1      | Reached XP level 2. HP: 12/26 MP: 1/1
   110 | D:1      | Reached skill level 1 in Dodging
   481 | D:1      | Reached XP level 3. HP: 31/31 MP: 2/2
  1459 | D:3      | Found a radiant altar of Vehumet.
  1510 | D:3      | Reached skill level 4 in Long Blades
  1574 | D:3      | Noticed Grinder
  1584 | D:3      | Slain by Grinder

Action                   || total
-------------------------++-------
Melee: Long sword        ||   140
  Use: Potion            ||     1
  Eat: Bread ration      ||     1
